 Dungeon Crawl Stone Soup version 0.31-a0-267-g3fc6992b3b (webtiles) character file.

Game seed: 1698589401139646565

51 qw the Shooter (level 3, -2/29 HPs)
             Began as a Minotaur Hexslinger on July 13, 2023.
             Slain by a goblin
             ... wielding a +0 club
             ... led by Robin
              (4 damage)
             ... on level 2 of the Dungeon.
             The game lasted 00:00:30 (1102 turns).

qw the Shooter (Minotaur Hexslinger)                Turns: 1102, Time: 00:00:31

Health: -2/29      AC:  3    Str: 11 (12) XL:     3   Next: 57%
Magic:  3/3        EV: 12    Int:  7 (10) God:
Gold:   75         SH:  0    Dex: 14      Spells: 3/4 levels left

rFire   . . .        Y - +1 sling
rCold   . . .        (no shield)
rNeg    . . .        c - +0 robe
rPois   .            (helmet restricted)
rElec   .            (no cloak)
rCorr   .            (no gloves)
SInv    .            h - +0 pair of boots
Will    .....        (no amulet)
Stlth   +            (no ring)
HPRegen 0.24/turn    (no ring)
MPRegen 0.08/turn

%: no passive effects
@: no status effects
A: horns 2, retaliatory headbutt
a: no special abilities


You were on level 2 of the Dungeon.
You visited 1 branch of the dungeon, and saw 2 of its levels.

You collected 99 gold pieces.
You spent 24 gold pieces at shops.


Innate Abilities, Weirdness & Mutations

You have a pair of horns on your head.
You reflexively headbutt those who attack you in melee.


   Skills:
 - Level 2.0 Fighting
 + Level 4.1 Ranged Weapons
 - Level 2.1 Dodging
 - Level 1.0 Spellcasting
 - Level 2.0 Hexes


You had 3 spell levels left.
You knew the following spells:

 Your Spells              Type           Power      Damage    Failure   Level
a - Slow                  Hex            12%        N/A       19%         1

Your spell library contained the following spells:

 Spells                   Type           Power      Damage    Failure   Level
 Inner Flame              Hex/Fire       1%         N/A       63%         3
 Portal Projectile        Hex/Tloc       2%         N/A       63%         3
 Cause Fear               Hex            1%         N/A       88%         4

Inventory:

Hand Weapons
 Y - a +1 sling (weapon)
Armour
 c - a +0 robe (worn)
 h - a +0 pair of boots (worn)
Scrolls
 a - a scroll of vulnerability {unknown}
 d - 3 scrolls of identify
Potions
 b - a potion of curing {unknown}
 g - a potion of ambrosia {unknown}
 j - a potion of brilliance {unknown}
 k - a potion of might
 l - a potion of attraction {unknown}

Dungeon Overview and Level Annotations

Branches:
Dungeon (2/15)

Altars:

Shops:
D:1 *

Annotations:
D:2 Robin


Message History

Robin of the Strong Arm comes into view.
They are wielding a +0 club.
The hobgoblin hits you.
A goblin comes into view. It is wielding a +0 dagger.
You shoot a sling bullet.
The sling bullet barely misses the hobgoblin.
The sling bullet hits the goblin.
You kill the goblin!
A hobgoblin comes into view.
The hobgoblin hits you but does no damage.
A goblin comes into view. It is wielding a +0 dagger.
The hobgoblin hits you. The goblin hits you with a +0 club.
Robin roars a battlecry!
The goblins go into a battle-frenzy!
You shoot a sling bullet.
The sling bullet closely misses the hobgoblin.
The sling bullet hits the goblin.
You kill the goblin!
The goblin hits you with a +0 dagger. The hobgoblin hits you.
The goblin hits you with a +0 club.
A goblin comes into view. It is wielding a +0 dagger.
1098 ||| Stepping ~*~*~tactically~*~*~ (outnumbered).
The hobgoblin attacks as you move away! The hobgoblin hits you.
The goblin closely misses you.
You shoot a sling bullet.
The sling bullet hits the hobgoblin but does no damage.
The hobgoblin is severely wounded.
The hobgoblin hits you. The goblin hits you with a +0 club.
The goblin hits you with a +0 dagger.
You shoot a sling bullet. The sling bullet hits the hobgoblin.
You kill the hobgoblin!
The goblin hits you with a +0 club. The goblin barely misses you.
You furiously retaliate!
You headbutt the goblin, but do no damage.
You shoot a sling bullet. The sling bullet hits the goblin.
You kill the goblin!
Robin throws the goblin at you! The goblin hits you with a +0 club.
You shoot a sling bullet.
The sling bullet closely misses the goblin.
The goblin hits you with a +0 club.
You die...

####.%.:.
#....##..
###...###..
##...### ###
#######..#.#
#..........#
##.###....###
# ##.g###.####
#...##gg@g...#
#..g)g.)######
#...##### #..
#


You could see Robin, a hobgoblin (strong) and 4 goblins.

Vanquished Creatures
  A worm (D:2)
  2 dart slugs (D:2)
  3 bats
  4 endoplasms
  4 giant cockroaches
  4 goblins
  7 hobgoblins
  3 ball pythons (D:1)
  2 frilled lizards (D:2)
  5 kobolds
  4 rats
39 creatures vanquished.

Notes
Turn   | Place    | Note
-------+----------+-------------------------------------------
     0 | D:1      | qw the Minotaur Hexslinger began the quest for the Orb.
     0 | D:1      | Reached XP level 1. HP: 16/16 MP: 1/1
     0 | D:1      | 0 ||| qw: Version: 0.3-a-52-g30416fa
     0 | D:1      | 0 ||| qw: Game counter: 7687
     0 | D:1      | 0 ||| qw: Melee chars always use a shield: true
     0 | D:1      | 0 ||| qw: God list: Okawaru
     0 | D:1      | 0 ||| qw: Allow faded altars: false
     0 | D:1      | 0 ||| qw: Do Orc after clearing Dungeon:15 true
     0 | D:1      | 0 ||| qw: Do second Lair branch before Depths: true
     0 | D:1      | 0 ||| qw: Lair rune preference: random
     0 | D:1      | 0 ||| qw: Goals: Normal
     0 | D:1      | 0 ||| PLANNING D:1-11
    67 | D:1      | Found Cetihewk's General Store.
    76 | D:1      | 76 ||| SHOPLISTING +0 ring mail (48 gold, have 33).
    76 | D:1      | 76 ||| SHOPLISTING scroll of enchant weapon (90 gold, have
                  | 33).
    76 | D:1      | 76 ||| BUYING scroll of identify (24 gold).
    76 | D:1      | Bought a scroll of identify for 24 gold pieces
   184 | D:1      | Reached skill level 3 in Ranged Weapons
   192 | D:1      | Reached XP level 2. HP: 23/23 MP: 2/2
   345 | D:1      | Found a faded altar of an unknown god.
   743 | D:1      | 743 ||| UPGRADING to +0 pair of boots.
   748 | D:1      | 748 ||| READING scroll labelled EJIV NEZYKH.
   749 | D:1      | 749 ||| READING scroll labelled GUNUEN JUWUE.
   750 | D:1      | 750 ||| DRINKING 2 brown potions.
   751 | D:1      | 751 ||| DROPPING scroll of poison.
   752 | D:1      | 752 ||| DROPPING potion of degeneration.
   804 | D:2      | 804 ||| STAIRDANCE
   820 | D:2      | 820 ||| STAIRDANCE
   907 | D:2      | Reached XP level 3. HP: 29/29 MP: 3/3
   922 | D:2      | 922 ||| FLEEEEING.
   923 | D:2      | 923 ||| FLEEEEING.
   924 | D:2      | 924 ||| FLEEEEING.
   925 | D:2      | 925 ||| FLEEEEING.
   926 | D:2      | 926 ||| FLEEEEING.
   927 | D:2      | 927 ||| FLEEEEING.
   928 | D:2      | 928 ||| FLEEEEING.
   929 | D:2      | 929 ||| FLEEEEING.
   930 | D:2      | 930 ||| FLEEEEING.
   931 | D:2      | 931 ||| FLEEEEING.
   932 | D:2      | 932 ||| FLEEEEING.
   933 | D:2      | 933 ||| FLEEEEING.
   934 | D:2      | 934 ||| STAIRDANCE
   946 | D:1      | 946 ||| DRINKING 2 sapphire potions.
  1066 | D:2      | Reached skill level 4 in Ranged Weapons
  1095 | D:2      | Noticed Robin
  1098 | D:2      | 1098 ||| Stepping ~*~*~tactically~*~*~ (outnumbered).
  1099 | D:2      | HP: 6/29 [goblin/+0 club[Robin] (3)]
  1101 | D:2      | HP: 2/29 [goblin/+0 club[Robin] (1)]
  1102 | D:2      | Slain by a goblin

Levels and vault maps discovered:
D:1:      lemuel_arrival_rhombus, layout_loops_ring, serial_shops, shop,
          shapermc_ecumenical_altar_pompeii
D:2:      layout_rooms, uniq_robin

Skill      XL: |  1  2  3 |
---------------+----------+-----
Ranged Weapons | 3 4 |  4.1
Fighting       | 2 |  2.0
Dodging        | |  2.1
Spellcasting   | |  1.0
Hexes          | |  2.0

Action                     || total
---------------------------++-------
   Fire: Sling             ||   109
    Use: Scroll            ||     2
         Potion            ||     2
 Armour: Robe              ||    17
  Dodge: Dodged            ||    31

Table legend:
 A = Non-vault XP
 B = Vault XP
 C = Vault XP percentage of total XP
 D = Non-vault monster count
 E = Vault monster count
 F = Vault count percentage of total count
                 A         B        C        D         E       F
            +---------+---------+-------+---------+---------+-------
      Total |      63 |      10 |  13.7 |      34 |       5 |  12.8
            +---------+---------+-------+---------+---------+-------
        D:1 |      32 |       0 |   0.0 |      19 |       0 |   0.0
        D:2 |      31 |      10 |  24.4 |      15 |       5 |  25.0
            +---------+---------+-------+---------+---------+-------
